 Dungeon Crawl Stone Soup version 0.20.1-1-g8b1a95d (webtiles) character file.

10 Irenicus the Scratcher (level 2, 0/14 HPs)
             Began as a Felid Chaos Knight on Oct 8, 2017.
             Slain by a hobgoblin (4 damage)
             ... on level 1 of the Dungeon.
             The game lasted 00:01:45 (652 turns).

Irenicus the Scratcher (Felid Chaos Knight)          Turns: 652, Time: 00:01:46

Health: 0/14       AC:  1    Str:  8    XL:     2   Next: 10%
Magic:  3/3        EV: 18    Int: 13    God:    Xom [..*...]
Gold:   43         SH:  0    Dex: 15    Spells: 1/1 levels left
                                        Lives:  0   Deaths: 0

rFire    . . .     SeeInvis +     - Unarmed
rCold    . . .     Gourm    .   (shield unavailable)
rNeg     . . .     Faith    .   (armour unavailable)
rPois    .         Spirit   .   (helmet unavailable)
rElec    .         Reflect  .   (cloak unavailable)
rCorr    .         Harm     .   (gloves unavailable)
MR       .....     Rnd*Tele +   (boots unavailable)
Stlth    ++........             (no amulet)
Regen    0.1/turn               c - ring of teleportation (curse)
MPRegen  0.1/turn               (no ring)

@: quick
A: no armour, no weapons or thrown items, stealth, claws 1, fangs 3, see
invisible, carnivore 3, speed 1, shaggy fur 1, slow metabolism 1, sharp paws
a: Renounce Religion


You were on level 1 of the Dungeon.
You worshipped Xom.
You were a toy of Xom.
You were very full.

You visited 1 branch of the dungeon, and saw 1 of its levels.

You collected 43 gold pieces.

Inventory:

Jewellery
 c - a cursed ring of teleportation (left paw)
Scrolls
 d - a scroll of amnesia {unknown}
 e - a scroll of noise {unknown}
Comestibles
 a - 2 meat rations
 b - a royal jelly


   Skills:
 - Level 3.0 Fighting
 - Level 3.2 Dodging
 * Level 1.7 Stealth
 + Level 3.3 Unarmed Combat


You had one spell level left.
You didn't know any spells.

Dungeon Overview and Level Annotations

Branches:
Dungeon (1/15)

Altars:


Innate Abilities, Weirdness & Mutations

You cannot wear armour.
You are incapable of wielding weapons or throwing items.
Your paws allow you to move quietly. (Stealth)
You have sharp claws.
You have razor-sharp teeth.
You have supernaturally acute eyesight. (SInv)
You are carnivorous and can eat meat at any time.
You cover ground quickly.
You are covered in fur. (AC +1)
You have a slow metabolism.
Your sharp claws are effective at attacking unaware monsters.


Message History

Okay, then.
Put on which piece of jewellery? (? for menu, Esc to quit)
Okay, then.
You close the door.
There is an open door here.
You close the door.
You start resting.
A hobgoblin opens the door.
You closely miss the hobgoblin. The hobgoblin closely misses you.
You scratch the hobgoblin.
The hobgoblin is severely wounded.
You closely miss the hobgoblin.
You bite the hobgoblin, but do no damage.
The hobgoblin is severely wounded.
The hobgoblin completely misses you.
You completely miss the hobgoblin.
The hobgoblin is severely wounded.
The hobgoblin hits you.
You die... "It was about time."

########### ## #.....g...#
##. ###+#######.####### ##..
#####.....#####.......###...
#...#.....#@..#........##...
#.8.'..8..g.<.#..g......#.(.
#...#.....#...#.........#...
#####.....#####.........#.#.
###'### #...........## #...#
###..........## #.8.#
#.....[....#.# #...#
###........#.# # #######
###...).......# #


You could see a hobgoblin.

Vanquished Creatures
  A leopard gecko (D:1)
  A goblin (D:1)
  2 hobgoblins (D:1)
  A ball python (D:1)
  3 bats (D:1)
  A frilled lizard (D:1)
  A kobold (D:1)
10 creatures vanquished.

Notes
Turn   | Place    | Note
-------+----------+-------------------------------------------
     0 | D:1      | Irenicus the Felid Chaos Knight began the quest for the Orb.
     0 | D:1      | Reached XP level 1. HP: 10/10 MP: 2/2
    53 | D:1      | XOM: butterfly on damage
   141 | D:1      | Reached skill level 1 in Stealth
   326 | D:1      | XOM: harmless Hex miscast
   343 | D:1      | XOM: silly message
   534 | D:1      | XOM: harmless Hex miscast
   563 | D:1      | Reached XP level 2. HP: 10/14 MP: 3/3
   652 | D:1      | Slain by a hobgoblin

Skill      XL: |  1 |
---------------+----+-----
Stealth        | 1 |  1.7
Fighting       | |  3.0
Dodging        | |  3.2
Unarmed Combat | |  3.3

Action                   || total
-------------------------++-------
Melee: Unarmed           ||    51
       Bite              ||     4
       Punch             ||     1
 Stab: Sleeping          ||     1
  Eat: Chunk             ||     6
Armor: Skin              ||     2
Dodge: Dodged            ||    35
